 Dungeon Crawl Stone Soup version 0.30-b1-2-g02819fbbbe (webtiles) character file.

Game seed: 17990327951658774138

14 Alarkh the Charlatan (level 2, -2/23 HPs)
             Began as a Demonspawn Artificer on Nov 22, 2023.
             Slain by a hobgoblin (3 damage)
             ... on level 1 of the Dungeon.
             The game lasted 00:00:32 (175 turns).

Alarkh the Charlatan (Demonspawn Artificer)          Turns: 175, Time: 00:00:33

Health: -2/23      AC:  3    Str: 12    XL:     2   Next: 31%
Magic:  2/2        EV: 11    Int: 12    God:
Gold:   12         SH:  0    Dex: 13    Spells: 1/1 levels left

rFire   . . .        a - +1 mace (venom)
rCold   . . .        (no shield)
rNeg    . . .        b - +0 leather armour
rPois   .            (no helmet)
rElec   .            (no cloak)
rCorr   .            (no gloves)
SInv    .            (no boots)
Will    .....        (no amulet)
Stlth   +            (no ring)
HPRegen 0.23/turn    (no ring)
MPRegen 0.08/turn

%: no passive effects
@: no status effects
A: claws 1
a: no special abilities


You were on level 1 of the Dungeon.
You visited 1 branch of the dungeon, and saw 1 of its levels.

You collected 12 gold pieces.

Inventory:

Hand Weapons
 a - a +1 mace of venom (weapon)
 g - a +0 club
Armour
 b - a +0 leather armour (worn)
Wands
 c - a wand of flame (15) (quivered)
 d - a wand of charming (15)
 e - a wand of iceblast (5)
Scrolls
 f - 3 scrolls of identify {unknown}
 h - a scroll of teleportation {unknown}


   Skills:
 + Level 2.4 Fighting
 - Level 1.7 Armour
 - Level 0.8 Dodging
 - Level 0.8 Stealth
 - Level 3.0 Evocations


You had one spell level left.
You didn't know any spells.
Your spell library was empty.

Dungeon Overview and Level Annotations

Branches:
Dungeon (1/15)

Altars:


Innate Abilities, Weirdness & Mutations

You have sharp fingernails.


Message History

The ball python grabs you. The ball python constricts you.
The bat hits you but does no damage.
A ball python comes into view.
The ball python barely misses you. The ball python constricts you.
* * * LOW HITPOINT WARNING * * *
You escape the ball python's grasp.
The bat attacks as you move away! The bat barely misses you.
The bat hits you but does no damage.
You hit the ball python.
The ball python is poisoned.
The ball python is moderately wounded.
The bat barely misses you. The bat hits you but does no damage. x2
The ball python barely misses you. The ball python grabs you.
The ball python constricts you.
* * * LOW HITPOINT WARNING * * *
The bat hits you but does no damage.
You escape the ball python's grasp.
The bat attacks as you move away! The bat completely misses you. x2
The bat attacks as you move away! The bat misses you. The bat hits you.
* * * LOW HITPOINT WARNING * * *
You closely miss the ball python.
The ball python is severely wounded.
The ball python barely misses you. The ball python grabs you.
The ball python constricts you.
* * * LOW HITPOINT WARNING * * *
The ball python bites you.
* * * LOW HITPOINT WARNING * * *
The ball python constricts you.
You escape the ball python's grasp.
You kill the ball python!
The bat hits you but does no damage.
You barely miss the bat. The bat hits you but does no damage. x2
You hit the bat.
You kill the bat!
The hobgoblin hits you but does no damage.
You barely miss the hobgoblin. The hobgoblin closely misses you.
You barely miss the hobgoblin. The hobgoblin hits you.
* * * LOW HITPOINT WARNING * * *
You hit the hobgoblin.
The hobgoblin is poisoned.
The hobgoblin is severely wounded.
The hobgoblin hits you.
You die...

#...####.............
#...##.....##.##.#.##
#......#.#..#.##.#.#
##....###.#..#.##.#.#
#>...## #.#..#.##.#.#
#.#### #.#.....#.#.#
#.†### #.#.##.##.#.#
#....####.#....##.#.#
#.##.@.##.### ## #.####g#
.. ###.####S## ..
#.......K.# .##.⌠
#.........##......
#................:
#########........##.......
#................# #......
#.......####.#######......


You could see a hobgoblin (very poisoned), a ball python and a kobold.

Vanquished Creatures
  A dart slug (D:1)
  A bat (D:1)
  An endoplasm (D:1)
  2 goblins (D:1)
  2 quokkas (D:1)
  2 ball pythons (D:1)
  A kobold (D:1)
  A rat (D:1)
11 creatures vanquished.

Notes
Turn   | Place    | Note
-------+----------+-------------------------------------------
     0 | D:1      | Alarkh the Demonspawn Artificer began the quest for the
                  | Orb.
     0 | D:1      | Reached XP level 1. HP: 15/15 MP: 1/1
   132 | D:1      | Discovered your monstrous ancestry.
   132 | D:1      | Gained mutation: You have sharp fingernails. [demonic
                  | ancestry]
   132 | D:1      | Reached XP level 2. HP: 17/22 MP: 2/2
   174 | D:1      | HP: 1/23 [hobgoblin (4)]
   175 | D:1      | Slain by a hobgoblin

Illustrated notes

Levels and vault maps discovered:
D:1:      heliophobic_arrival_battle_scene, layout_basic, serial_shops,
          shop_fountains

Skill      XL: |  1 |
---------------+----+-----
Fighting       | 2 |  2.4
Armour         | |  1.7
Dodging        | |  0.8
Stealth        | |  0.8
Evocations     | |  3.0

Action                     || total
---------------------------++-------
  Melee: Mace              ||    25
         Club              ||     6
   Stab: Sleeping          ||     2
 Armour: Leather armour    ||    17
  Dodge: Dodged            ||    27
